 Dungeon Crawl Stone Soup version 0.28.0-55-gcd9437bce4 (webtiles) character file.

Game seed: 16087340425292687428

185 Atelerd the Digger (level 5, -2/32 HPs)
             Began as an Octopode Earth Elementalist on Jan 4, 2023.
             Killed from afar by an orc wizard (8 damage)
             ... with a magic dart
             ... on level 3 of the Dungeon.
             The game lasted 00:03:17 (3141 turns).

Atelerd the Digger (Octopode Earth Elementalist)    Turns: 3141, Time: 00:03:18

Health: -2/32      AC:  1    Str:  8    XL:     5   Next: 64%
Magic:  1/9        EV: 13    Int: 19    God:
Gold:   47         SH:  0    Dex: 12    Spells: 9/10 levels left

rFire   . . .      SeeInvis .   c - +0 dagger
rCold   . . .      Faith    .   (no shield)
rNeg    . . .      Spirit   .   (helmet restricted)
rPois   .          Reflect  .   d - amulet of the acrobat
rElec   .          Harm     .   (no ring)
rCorr   .          Rampage  .   (no ring)
Will    .....                   (no ring)
Stlth   ++........              (no ring)
HPRegen 0.10/turn               (no ring)
MPRegen 0.11/turn               (no ring)
                                (no ring)
                                (no ring)

@: confused
A: almost no armour, amphibious, 8 rings, camouflage 1, gelatinous body 1,
(nimble swimmer 1), tentacles
a: no special abilities


You were on level 3 of the Dungeon.
You visited 1 branch of the dungeon, and saw 3 of its levels.

You collected 47 gold pieces.

Inventory:

Hand Weapons
 c - a +0 dagger (weapon)
Missiles
 b - 6 stones
Jewellery
 d - an amulet of the acrobat (around mantle)
 l - an amulet of magic regeneration
Scrolls
 a - a scroll of magic mapping {unknown}
 f - 2 scrolls of holy word {unknown}
 g - a scroll of identify {unknown}
 h - a scroll of fear {unknown}
 j - a scroll of amnesia {unknown}
 k - a scroll of fog {unknown}
 m - a scroll of noise {unknown}
Potions
 i - 2 potions of brilliance


   Skills:
 + Level 0.6 Fighting
 + Level 0.9 Short Blades
 - Level 2.0 Dodging
 - Level 2.6 Stealth
 + Level 3.1 Spellcasting
 * Level 2.7 Transmutations
 + Level 4.4 Earth Magic


You had 9 spell levels left.
You knew the following spells:

 Your Spells              Type           Power      Damage    Failure   Level
a - Sandblast             Erth           38%        2d10      2%          1

Your spell library contained the following spells:

 Spells                   Type           Power      Damage    Failure   Level
 Passwall                 Tmut/Erth      13%        N/A       5%          2
 Stone Arrow              Conj/Erth      22%        3d8       19%         3
 Petrify                  Tmut/Erth      16%        N/A       34%         4


Dungeon Overview and Level Annotations

Branches:
Dungeon (3/15)

Altars:

Shops:
D:2 ?**[


Innate Abilities, Weirdness & Mutations

You cannot wear most types of armour.
You are amphibious.
You can wear up to eight rings at the same time.
Your skin changes colour to match your surroundings (Stealth+).
Your rubbery body absorbs attacks. (AC +1, EV +1)
((You are camouflaged when in or above water. (Stealth+)))
You have tentacles for arms and can constrict up to eight enemies at once.


Message History

Something hits you.
* * * LOW HITPOINT WARNING * * *
Unknown command.
Unknown command.
Casting: Sandblast (safe; 2% risk of failure)
Confirm with . or Enter, or press ? or * to list all spells.
You can't see any susceptible monsters within range! (Use Z to cast anyway.)
Casting: Sandblast (safe; 2% risk of failure)
Confirm with . or Enter, or press ? or * to list all spells.
Aiming: Sandblast (safe; 2% risk of failure)
Press: ? - help, Shift-Dir - straight line The blast of sand hits something!
Reactivating autopickup.
You feel a bit more experienced. Something hits you.
* * * LOW HITPOINT WARNING * * *
Deactivating autopickup; reactivate with Ctrl-A.
You feel better. Something hits you.
Casting: Sandblast (safe; 2% risk of failure)
Confirm with . or Enter, or press ? or * to list all spells.
Aiming: Sandblast (safe; 2% risk of failure)
Press: ? - help, Shift-Dir - straight line The blast of sand hits something!
Something barely misses you.
Casting: Sandblast (safe; 2% risk of failure)
Confirm with . or Enter, or press ? or * to list all spells.
Aiming: Sandblast (safe; 2% risk of failure)
Press: ? - help, Shift-Dir - straight line The blast of sand hits something.
You hear some strange, mumbled words.
You are confused.
You're too confused to cast spells.
Unknown command.
You completely miss something. Something hits you.
* * * LOW HITPOINT WARNING * * *
You bump into the rock wall.
Something hits you.
* * * LOW HITPOINT WARNING * * *
You closely miss something.
You hear some strange, mumbled words.
A magic dart appears from out of thin air!
The magic dart hits you!
You die...

#♣#♣# ##....
#####..♣.♣.♣.
#<...@{.)....
#.###)#######
#...#.#
#♣#♣#♣.♣.#.###
#.............#
#.♣#♣.♣.♣##.#.....
#.#.# #.# ### .
#.# #.## ##
#.###..######.#


There were no monsters in sight!

Vanquished Creatures
  An orc priest (D:3)
  An orc wizard (D:3)
  3 gnolls
  5 adders (D:2)
  2 dart slugs (D:1)
  2 orcs (D:3)
  2 ball pythons (D:1)
  5 bats (D:1)
  4 endoplasms
  4 giant cockroaches
  2 goblins
  6 hobgoblins
  7 jackals
  2 quokkas
  3 frilled lizards
  A kobold (D:1)
  2 rats (D:1)
52 creatures vanquished.

Vanquished Creatures (others)
  6 plants (D:1)
6 creatures vanquished.

Grand Total: 58 creatures vanquished

Notes
Turn   | Place    | Note
-------+----------+-------------------------------------------
     0 | D:1      | Atelerd the Octopode Earth Elementalist began the quest for
                  | the Orb.
     0 | D:1      | Reached XP level 1. HP: 11/11 MP: 3/3
   357 | D:1      | Reached XP level 2. HP: 17/17 MP: 5/5
   631 | D:1      | Found a faded altar of an unknown god.
   768 | D:1      | Reached XP level 3. HP: 18/21 MP: 4/6
  1298 | D:2      | Found Tiehaxay's Assorted Antiques.
  1702 | D:2      | Reached skill level 4 in Earth Magic
  1702 | D:2      | Reached XP level 4. HP: 27/27 MP: 3/7
  2092 | D:2      | Found Miugepymn's Magic Scroll Boutique.
  2186 | D:2      | Found Utwam's Assorted Antiques.
  2239 | D:2      | Found Ongeaczi's Armour Boutique.
  2843 | D:2      | Reached XP level 5. HP: 32/32 MP: 3/9
  3141 | D:3      | Killed from afar by an orc wizard

Illustrated notes

Levels and vault maps discovered:
D:1:      eino_arrival_druids_welcome, layout_loops_ring, basic_ecumenical_altar
D:2:      layout_basic, serial_shops, shop, nicolae_lakefront_shop,
          nicolae_shop_stone, shop, serial_park_tiny_1, minmay_between
D:3:      layout_loops_ring, serial_shops, shop_fountains, shop, serial_forest,
          infiniplex_forest_clump_small, infiniplex_forest_straight_1,
          infiniplex_forest_lined_3, infiniplex_forest_lined_3,
          infiniplex_forest_end_3, infiniplex_forest_lined_2,
          infiniplex_forest_clump_double, infiniplex_forest_lined_2,
          minmay_misc_feat_tiny, uniq_robin

Skill      XL: |  1  2  3  4  5 |
---------------+----------------+-----
Transmutations | 2 |  2.7
Earth Magic    | 4 |  4.4
Spellcasting   | 3 |  3.1
Fighting       | |  0.6
Short Blades   | |  0.9
Dodging        | |  2.0
Stealth        | |  2.6

Action                   |  1- 3 |  4- 6 || total
-------------------------+-------+-------++-------
Melee: Unarmed           |     6 |       ||     6
       Tentacles         |    10 |     4 ||    14
       Constrict         |    10 |     4 ||    14
       Dagger            |    41 |    22 ||    63
       Punch             |     3 |       ||     3
 Cast: Sandblast         |    27 |    38 ||    65
  Use: Potion            |       |     4 ||     4
 Stab: Sleeping          |     8 |     1 ||     9
Armor: Skin              |     6 |     2 ||     8
Dodge: Dodged            |    56 |    30 ||    86
